 Dungeon Crawl Stone Soup version 0.19.1 (console) character file.

219 Kloppie the Slasher (level 5, -1/61 HPs)
             Began as a Demonspawn Berserker on Dec 12, 2016.
             Was a Believer of Trog.
             Slain by a kobold
             ... wielding a +1 short sword of protection
              (2 damage)
             ... on level 3 of the Dungeon.
             The game lasted 00:03:28 (2546 turns).

Kloppie the Slasher (Demonspawn Berserker)          Turns: 2546, Time: 00:03:29

Health: -1/61      AC:  6    Str: 22    XL:     5   Next: 64%
Magic:  5/5        EV: 12    Int:  9    God:    Trog [**....]
Gold:   142        SH:  0    Dex: 13    Spells: 0 memorised, 4 levels left

rFire  . . .     SeeInvis .     a - +0 falchion
rCold  . . .     Gourm    .     p - +0 leather armour (curse)
rNeg   . . .     Faith    .     (no shield)
rPois  .         Spirit   .     (no helmet)
rElec  .         Reflect  .     (no cloak)
rCorr  .         Harm     .     f - +0 pair of gloves
MR     .....                    (no boots)
Stlth  ..........               (no amulet)
                                (no ring)
                                (no ring)

@: berserking, very quick
A: claws 1, icy blue scales 1
a: Berserk, Trog's Hand, Burn Spellbooks, Renounce Religion


You were on level 3 of the Dungeon.
You worshipped Trog.
Trog was pleased with you.
You were not hungry.

You visited 1 branch of the dungeon, and saw 3 of its levels.

You collected 142 gold pieces.

Inventory:

Hand Weapons
 a - a +0 falchion (weapon)
 s - a +0 great sword
Armour
 f - a +0 pair of gloves (worn)
 p - a cursed +0 leather armour (worn)
Jewellery
 e - an uncursed amulet of guardian spirit {unknown}
Scrolls
 g - 3 scrolls of remove curse {unknown}
 i - a scroll of magic mapping {unknown}
 j - a scroll of recharging {unknown}
 k - 4 scrolls of teleportation {unknown}
 l - 2 scrolls of random uselessness {unknown}
 m - a scroll of identify {unknown}
 o - 2 scrolls of enchant armour {unknown}
 q - a scroll of fear {unknown}
Potions
 b - a potion of degeneration {unknown}
 n - a potion of cure mutation {unknown}
 r - a potion of lignification {unknown}
 t - a potion of flight {unknown}
 v - a potion of curing {unknown}
Comestibles
 c - 3 bread rations
 h - a royal jelly


   Skills:
 - Level 3.0 Fighting
 + Level 5.8 Long Blades
 - Level 1.7 Armour
 - Level 1.7 Dodging


You had 4 spell levels left.
You didn't know any spells.

Dungeon Overview and Level Annotations

Branches:
Dungeon (3/15)

Altars:

Annotations:
D:3 Robin


Innate Abilities, Weirdness & Mutations

You have sharp fingernails.
You are partially covered in icy blue scales. (AC +2)


Message History

* * * LOW HITPOINT WARNING * * *
You closely miss the kobold. The kobold barely misses you.
You riposte.
You barely miss the kobold. Robin misses you.
A red film seems to cover your vision as you go berserk!
You feel yourself moving faster!
You feel mighty!
You feel a lot more hungry. The kobold misses you.
Robin hits you from afar with a spear!
* * * LOW HITPOINT WARNING * * *
You hit the kobold but do no damage. You barely miss the kobold.
The kobold hits you with a short sword of protection.
* * * LOW HITPOINT WARNING * * *
Robin completely misses you.
You barely miss the kobold. The kobold barely misses you.
Robin closely misses you.
You closely miss the kobold. The kobold hits you but does no damage.
You completely miss the kobold. Robin hits you from afar with a spear.
* * * LOW HITPOINT WARNING * * *
You closely miss the kobold.
The kobold hits you with a short sword of protection.
You die...

#.#.# ##.#.# #....# .
###### .. ... ###....
### ....#
#.######....###
#(...)@K......#
#.######g...#.# #.#
....# #.# ....# #.#
....# ### #)# ##### ..#
#)# ###.# #.# ....
##.###################.#


You could see Robin and a kobold.

Vanquished Creatures
  Natasha (thrice) (D:3)
  5 adders
  3 oozes
  2 worms
  2 leopard geckos
  An orc (D:3)
  4 giant cockroaches
  16 goblins
  8 hobgoblins
  11 jackals
  5 bats
  A frilled lizard (D:3)
  5 kobolds
  12 rats
78 creatures vanquished.

Notes
Turn   | Place    | Note
-------+----------+-------------------------------------------
     0 | D:1      | Kloppie the Demonspawn Berserker began the quest for the Orb.
     0 | D:1      | Reached XP level 1. HP: 18/18 MP: 1/1
    40 | D:1      | Reached skill level 3 in Long Blades
    52 | D:1      | Gained mutation: You are partially covered in icy blue scales. (AC +2) [demonic ancestry]
    52 | D:1      | Reached XP level 2. HP: 7/24 MP: 2/2
   573 | D:1      | Gained mutation: You have sharp fingernails. [demonic ancestry]
   573 | D:1      | Reached XP level 3. HP: 26/29 MP: 3/3
   977 | D:2      | Reached skill level 4 in Long Blades
  1502 | D:3      | Reached ** piety under Trog
  1521 | D:3      | Reached XP level 4. HP: 34/35 MP: 4/4
  1850 | D:3      | Noticed Natasha
  1859 | D:3      | Killed Natasha
  1859 | D:3      | Reached skill level 5 in Long Blades
  2105 | D:3      | Reached XP level 5. HP: 32/41 MP: 5/5
  2226 | D:3      | Noticed Natasha
  2239 | D:3      | Killed Natasha
  2399 | D:3      | Noticed Natasha
  2418 | D:3      | Killed Natasha
  2500 | D:3      | Noticed Robin
  2542 | D:3      | HP: 3/61 [kobold/short sword of protection (4)]
  2545 | D:3      | HP: 1/61 [Robin/spear (2)]
  2546 | D:3      | Slain by a kobold

Skill      XL: |  1  2  3  4 |
---------------+-------------+-----
Long Blades    | 3 4 5 |  5.8
Fighting       | |  3.0
Armour         | |  1.7
Dodging        | |  1.7

Action                   |  1- 3 |  4- 6 || total
-------------------------+-------+-------++-------
Melee: Falchion          |   132 |   135 ||   267
Invok: Berserk           |     2 |     4 ||     6
       Trog's Hand       |       |     1 ||     1
  Eat: Chunk             |     4 |     4 ||     8
       Bread ration      |       |     1 ||     1
       Fruit             |       |     1 ||     1
Armor: Animal skin       |    41 |       ||    41
       Leather armour    |    15 |    40 ||    55
Dodge: Dodged            |   101 |    96 ||   197
       Rpst.: Falchion   |    31 |    28 ||    59
